 Dungeon Crawl Stone Soup version 0.21-a0-442-g848f44b (webtiles) character file.

5976 kae the Geomancer (level 10, 0/60 HPs)
             Began as a Gargoyle Earth Elementalist on Nov 12, 2017.
             Was a Priest of Vehumet.
             Slain by a molten gargoyle
             ... wielding a +2 mace of crushing
              (4 damage)
             ... on level 9 of the Dungeon.
             The game lasted 00:10:36 (10426 turns).

kae the Geomancer (Gargoyle Earth Elementalist)    Turns: 10426, Time: 00:10:38

Health: 0/60       AC: 16    Str: 20    XL:     10   Next: 84%
Magic:  6/21       EV: 14    Int: 16    God:    Vehumet [***...]
Gold:   219        SH:  0    Dex: 14    Spells: 20/24 levels left

rFire    + . .     SeeInvis .   C - +3 falchion of Peofeohi {drain, rElec Str+8 Int-3 Dex+4} (curse)
rCold    . . .     Gourm    .   (no shield)
rNeg     + . .     Faith    .   c - +0 robe
rPois    ∞         Spirit   .   k - +2 helmet
rElec    +         Reflect  .   w - +0 cloak
rCorr    .         Harm     .   j - +0 pair of gloves
MR       .....                  z - +1 pair of boots
Stlth    ++........             (no amulet)
HPRegen  0.20/turn              n - ring of protection from fire
MPRegen  0.17/turn              (no ring)

@: no status effects
A: negative energy resistance 1, electricity resistance, unbreathing,
petrification resistance, rot immunity, AC +7
a: Renounce Religion


You were on level 9 of the Dungeon.
You worshipped Vehumet.
Vehumet was most pleased with you.
You were very hungry.

You visited 2 branches of the dungeon, and saw 10 of its levels.
You also visited: Sewer.

You collected 505 gold pieces.
You spent 286 gold pieces at shops.

Inventory:

Hand Weapons
 a - a +1 club
 C - the cursed +3 falchion of Peofeohi (weapon) {drain, rElec Str+8 Int-3 Dex+4}
   (You bought it in a shop on level 5 of the Dungeon)

   A truly terrible weapon, it drains the life of those it strikes.
   It affects your strength (+8).
   It affects your intelligence (-3).
   It affects your dexterity (+4).
   It insulates you from electricity.
   It has a curse placed upon it.
Missiles
 b - 213 stones (quivered)
Armour
 c - a +0 robe (worn)
 j - a +0 pair of gloves (worn)
 k - a +2 helmet (worn)
 w - a +0 cloak (worn)
 z - a +1 pair of boots (worn)
Magical Staves
 J - an uncursed staff of air {unknown}
Jewellery
 n - a ring of protection from fire (left hand)
Wands
 h - a wand of random effects (19/48)
 q - a wand of paralysis (5/24)
 D - a wand of digging (11/24)
 H - a wand of confusion (33/48)
Scrolls
 f - 5 scrolls of teleportation
 g - 6 scrolls of identify
 o - 4 scrolls of recharging
 p - 2 scrolls of amnesia
 y - 2 scrolls of enchant weapon
 E - 2 scrolls of fog
 F - 2 scrolls of remove curse
Potions
 i - 4 potions of curing
 l - a potion of brilliance
 m - 3 potions of heal wounds
 s - a potion of magic
 t - a potion of ambrosia
 u - a potion of agility
 v - a potion of flight
 B - a potion of haste
 G - 2 potions of lignification
Books
 e - a book of Geomancy

   Spells                             Type                      Level
   a - Sandblast                      Earth                        1
   b - Passwall                       Transmutation/Earth          2
   c - Stone Arrow                    Conjuration/Earth            3
   d - Petrify                        Transmutation/Earth          4
   e - Lee's Rapid Deconstruction     Earth                        5
 x - a book of Maledictions

   Spells                             Type                      Level
   a - Corona                         Hexes                        1
   b - Ensorcelled Hibernation        Hexes/Ice                    2
   c - Confuse                        Hexes                        3
   d - Tukima's Dance                 Hexes                        3
   e - Dazzling Spray                 Conjuration/Hexes            3
 I - a book of Frost

   Spells                             Type                      Level
   a - Freeze                         Ice                          1
   b - Throw Frost                    Conjuration/Ice              2
   c - Ozocubu's Armour               Charms/Ice                   3
   d - Throw Icicle                   Conjuration/Ice              4
   e - Summon Ice Beast               Ice/Summoning                4
Comestibles
 d - 7 bread rations
 r - 4 fruits
 A - 3 meat rations


   Skills:
 + Level 5.8 Fighting
 + Level 4.8 Dodging
 - Level 2.1 Stealth
 * Level 7.7 Spellcasting
 * Level 8.5 Conjurations
   Level 0.7 Transmutations
 * Level 10.4 Earth Magic


You had 20 spell levels left.
You knew the following spells:

 Your Spells              Type           Power        Failure   Level  Hunger
a - Sandblast             Erth           #####.       1%          1    None
b - Stone Arrow           Conj/Erth      #####.       1%          3    ##.....


Dungeon Overview and Level Annotations

Branches:
Dungeon (9/15)             Temple (1/1) D:6            Lair (0/6) D:8
    Orc (0/2) D:9

Altars:
Ashenzari
Cheibriados
Dithmenos
Elyvilon
Fedhas
Gozag
Hepliaklqana
Makhleb
Nemelex Xobeh
Okawaru
Qazlal
Ru
Sif Muna
Trog
Uskayaw
Vehumet
Xom
Yredelemnul
Zin
The Shining One

Shops:
D:5 (   D:8 *


Innate Abilities, Weirdness & Mutations

You are resistant to torment.
Your stone body is resilient. (AC +7)
You are immune to poison.
You resist negative energy. (rN+)
You are resistant to electric shocks. (rElec)
You can survive without breathing.
You are immune to petrification.
You are immune to rotting.


Message History

Aiming: Sandblast
Press: ? - help, Shift-Dir - straight line, f/p - molten gargoyle
Aim: a molten gargoyle, wielding a mace of crushing (heavily damaged)
The blast of sand misses the molten gargoyle.
b - 214 stones The molten gargoyle blasts magma at you!
The bolt of magma hits you! You partially resist.
* * * LOW HITPOINT WARNING * * *
Casting: Sandblast
Confirm with . or Enter, or press ? or * to list all spells.
Aiming: Sandblast
Press: ? - help, Shift-Dir - straight line, f/p - molten gargoyle
Aim: a molten gargoyle, wielding a mace of crushing (heavily damaged)
The blast of sand hits the molten gargoyle.
The molten gargoyle is heavily damaged.
b - 213 stones The molten gargoyle hits you with a mace of crushing.
* * * LOW HITPOINT WARNING * * *
You are engulfed in flames.
You resist.
You die...

#.##.#..######)##.#
#.##.#.......#.#
#.##.#.#####.# #
#.##.#........
#.##.#........
#.##.#..).....
#.##.#########
##.##........
#.9@.........
#)########### #.#
#.#.# ... #.. ≈≈≈≈≈
#=# ≈≈≈9≈≈≈ .#
.≈§88≈≈ # ≈≈≈88≈§


You could see a molten gargoyle.

Vanquished Creatures
  A two-headed ogre (D:7)
  A molten gargoyle (D:9)
  A hornet (D:9)
  A hippogriff (D:7)
  A wraith (D:9)
  Menkaure (D:4)
  Duvessa (D:6)
  3 porcupines (D:8)
  A water moccasin (D:7)
  An ice beast (D:8)
  A sky beast (D:9)
  4 black bears
  A phantom (D:4)
  4 orc warriors
  Purgy (D:4)
  2 necrophages
  5 ogres
  A centaur (D:8)
  A crocodile (D:8)
  A big kobold (D:9)
  3 bullfrogs
  Dowan (D:6)
  2 scorpions
  4 wights (D:7)
  3 crimson imps
  2 centaur zombies
  3 bullfrog zombies
  3 jellies
  A hound (D:8)
  An orc priest (D:9)
  2 bullfrog skeletons
  A centaur skeleton (D:9)
  8 orc wizards
  Natasha (thrice) (D:3)
  5 iguanas
  8 worker ants
  A killer bee zombie (D:7)
  A hound zombie (D:8)
  2 hound skeletons
  A howler monkey skeleton (D:6)
  14 adders
  3 shadow imps
  An ooze (D:1)
  An adder skeleton (D:9)
  5 worms
  A dart slug (D:3)
  14 leopard geckos
  17 orcs
  4 ball pythons
  8 giant cockroaches
  6 goblins
  10 hobgoblins
  15 jackals
  2 quokkas
  A bat (D:1)
  5 frilled lizards
  9 kobolds
  2 leopard gecko skeletons (D:4)
  2 quokka skeletons
  8 rats
  A butterfly (D:7)
  2 fungi (D:8)
219 creatures vanquished.

Vanquished Creatures (others)
  23 fungi (D:8)
  9 plants
32 creatures vanquished.

Grand Total: 251 creatures vanquished

Notes
Turn   | Place    | Note
-------+----------+-------------------------------------------
     0 | D:1      | kae the Gargoyle Earth Elementalist began the quest for the Orb.
     0 | D:1      | Reached XP level 1. HP: 10/10 MP: 3/3
   369 | D:1      | Reached skill level 4 in Earth Magic
   369 | D:1      | Reached XP level 2. HP: 10/15 MP: 1/5
  1087 | D:2      | Found a shattered altar of Ashenzari.
  1118 | D:2      | Reached XP level 3. HP: 19/19 MP: 2/7
  1204 | D:2      | Learned a level 3 spell: Stone Arrow
  1540 | D:2      | Reached XP level 4. HP: 15/24 MP: 6/8
  1711 | D:2      | Found an iron altar of Okawaru.
  2344 | D:3      | Reached skill level 1 in Conjurations
  2507 | D:3      | Reached skill level 5 in Earth Magic
  2823 | D:3      | Noticed Natasha
  2827 | D:3      | Killed Natasha
  2827 | D:3      | Reached XP level 5. HP: 21/28 MP: 6/9
  2911 | D:3      | Noticed Natasha
  2916 | D:3      | Killed Natasha
  2916 | D:3      | Reached skill level 1 in Fighting
  2926 | D:3      | Noticed Natasha
  2939 | D:3      | Killed Natasha
  3383 | D:3      | Reached XP level 6. HP: 32/34 MP: 0/11
  3514 | D:4      | Found a glowing drain.
  3589 | Sewer    | Entered a sewer
  3878 | Sewer    | Noticed Purgy
  3900 | D:4      | Killed Purgy
  4030 | D:4      | Noticed a phantom
  4041 | D:4      | Killed a phantom
  4041 | D:4      | Reached XP level 7. HP: 39/39 MP: 3/12
  4175 | D:4      | Noticed Menkaure
  4180 | D:4      | Killed Menkaure
  4180 | D:4      | Reached skill level 6 in Earth Magic
  5232 | D:5      | Entered Level 5 of the Dungeon
  5383 | D:5      | Reached XP level 8. HP: 36/45 MP: 1/14
  5565 | D:5      | Found Neulooc's Antique Weapon Shoppe.
  5572 | D:5      | Bought a smoking falchion for 184 gold pieces
  5572 | D:5      | Identified the cursed +3 falchion of Peofeohi {drain, rElec Str+8 Int-3 Dex+4} (You bought it in a shop on level 5 of the Dungeon)
  5644 | D:5      | Found a blossoming altar of Fedhas.
  5762 | D:5      | Reached skill level 7 in Earth Magic
  5969 | D:6      | Reached skill level 5 in Spellcasting
  6131 | D:6      | Found a staircase to the Ecumenical Temple.
  6131 | D:6      | Noticed Dowan
  6234 | D:6      | Noticed Duvessa
  6236 | Temple   | Entered the Ecumenical Temple
  6406 | Temple   | Became a worshipper of Vehumet
  6420 | D:6      | Killed Dowan
  6458 | D:6      | Reached skill level 5 in Conjurations
  6481 | D:6      | Killed Duvessa
  6702 | D:6      | Found a stormy altar of Qazlal.
  6706 | D:6      | Noticed a water elemental
  6711 | D:6      | Noticed an air elemental
  6821 | D:6      | Reached XP level 9. HP: 49/52 MP: 17/17
  7015 | D:7      | Reached * piety under Vehumet
  7015 | D:7      | Offered knowledge of Flame Tongue by Vehumet.
  7024 | D:7      | Reached skill level 8 in Earth Magic
  7617 | D:7      | Found a shimmering altar of Xom.
  7968 | D:7      | Noticed a two-headed ogre
  7973 | D:7      | Killed a two-headed ogre
  7973 | D:7      | Reached skill level 9 in Earth Magic
  8328 | D:8      | Reached XP level 10. HP: 43/58 MP: 20/20
  8336 | D:8      | Reached skill level 5 in Fighting
  8414 | D:8      | Found a staircase to the Lair.
  9089 | D:8      | Offered knowledge of Shock by Vehumet.
  9094 | D:8      | Reached ** piety under Vehumet
  9106 | D:8      | Found Qaujeyv's Assorted Antiques.
  9156 | D:8      | Found a burning altar of Makhleb.
  9338 | D:8      | Bought a scroll labeled TIOTHR CUPURR for 34 gold pieces
  9338 | D:8      | Bought a scroll of identify for 68 gold pieces
  9672 | D:9      | Offered knowledge of Searing Ray by Vehumet.
  9692 | D:9      | Reached skill level 10 in Earth Magic
  9810 | D:9      | Found a staircase to the Orcish Mines.
  9833 | D:9      | Reached *** piety under Vehumet
 10253 | D:9      | Noticed a molten gargoyle
 10270 | D:9      | Killed a molten gargoyle
 10405 | D:9      | Noticed a molten gargoyle
 10426 | D:9      | Slain by a molten gargoyle

Vault maps used:
D:1:      lemuel_arrival_tunnels, minmay_tiny_reverse_x
D:2:      old_standard_altar, okawaru_trees_1, first_bread
D:3:      uniq_natasha
D:4:      serial_bayou, serial_bayou_pond_c, serial_bayou_pond_b,
          serial_bayou_lagoon_a, serial_bayou_ford_a, portal_sewer_entry_f,
          kennysheep_generic_room_3, uniq_menkaure
D:5:      lemuel_upstairs_altar, serial_shops, shop, basic_altar
D:6:      nicolae_qazlal_style_of_elements, minmay_temple_entry_water_ring,
          uniq_duvessa
D:7:      xom_butterflies
D:8:      due_lair_maze_entry_diamond, serial_shops,
          nicolae_shop_window_shopping, makhleb_blood_cavern_becter
D:9:      gammafunk_temple_overflow_elements, erik_orc_3, hangedman_fish_farm,
          minivault_8
Temple:   nicolae_temple_elliptical
Sewer:    sewer_co_purgy_island

Skill      XL: |  1  2  3  4  5  6  7  8  9 10 |
---------------+-------------------------------+-----
Earth Magic    | 4 5 6 7 9 10 | 10.4
Spellcasting   | 3 4 5 6 7 |  7.7
Conjurations   | 1 2 3 4 5 7 8 |  8.5
Fighting       | 1 2 3 4 5 |  5.8
Dodging        | 2 3 4 |  4.8
Stealth        | |  2.1
Transmutations | |  0.7

Action                   |  1- 3 |  4- 6 |  7- 9 | 10-12 || total
-------------------------+-------+-------+-------+-------++-------
Melee: Club              |   116 |   123 |    54 |       ||   293
       Unarmed           |     7 |       |       |       ||     7
       Falchion          |       |       |   178 |   136 ||   314
 Cast: Sandblast         |    15 |    42 |    52 |    70 ||   179
       Stone Arrow       |       |    18 |    48 |    37 ||   103
  Use: Scroll            |     6 |     4 |    11 |     2 ||    23
 Stab: Sleeping          |     2 |     5 |     2 |     3 ||    12
       Distracted        |       |       |     1 |       ||     1
  Eat: Chunk             |     2 |    11 |    14 |     7 ||    34
       Royal jelly       |       |       |     1 |       ||     1
       Fruit             |       |       |       |     1 ||     1
Armor: Robe              |    57 |    88 |   158 |   107 ||   410
Dodge: Dodged            |    88 |   136 |   232 |   138 ||   594
       Rpst.: Falchion   |       |       |    51 |    41 ||    92

Table legend:
 A = Spawn XP
 B = Non-spawn XP
 C = Spawn XP percentage of total XP
 D = Spawn monster count
 E = Non-spawn monster count
 F = Spawn count percentage of total count
 G = Total turns spent on level
                    A         B        C        D         E        F      G
               +---------+---------+-------+---------+---------+-------+---------
         Total |       0 |    8538 |   0.0 |       0 |     216 |   0.0 | 10426
               +---------+---------+-------+---------+---------+-------+---------
           D:1 |       0 |      25 |   0.0 |       0 |      13 |   0.0 |   975
           D:2 |       0 |      78 |   0.0 |       0 |      22 |   0.0 |  1126
           D:3 |       0 |     223 |   0.0 |       0 |      24 |   0.0 |  1350
           D:4 |       0 |     754 |   0.0 |       0 |      22 |   0.0 |  1475
           D:5 |       0 |     396 |   0.0 |       0 |      14 |   0.0 |   726
           D:6 |       0 |     856 |   0.0 |       0 |      25 |   0.0 |   839
           D:7 |       0 |    1871 |   0.0 |       0 |      23 |   0.0 |  1264
           D:8 |       0 |    2034 |   0.0 |       0 |      34 |   0.0 |  1198
           D:9 |       0 |    2247 |   0.0 |       0 |      32 |   0.0 |   986
        Temple |       0 |      34 |   0.0 |       0 |       1 |   0.0 |   181
         Sewer |       0 |      20 |   0.0 |       0 |       6 |   0.0 |   306
               +---------+---------+-------+---------+---------+-------+---------
